 Dungeon Sprint DCSS version 0.21-a0-207-g4a9efaf (webtiles) character file.

1160 Kidiri the Thaumaturge (level 8, -26/48 HPs)
             Began as a Deep Elf Fire Elementalist on Aug 20, 2017.
             Was a High Priest of Vehumet.
             Annihilated by a death cob (30 damage)
             ... in the Dungeon (Sprint VII: "The Pits").
             The game lasted 00:05:40 (754 turns).

Kidiri the Thaumaturge (Deep Elf Fire Elementalist)  Turns: 754, Time: 00:05:41

Health: -26/48     AC:  2    Str:  5    XL:     8   Next: 16%
Magic:  1/27       EV: 16    Int: 23    God:    Vehumet [*****.]
Gold:   0          SH:  0    Dex: 15    Spells: 10/33 levels left

rFire    . . .     SeeInvis .   r - +1 dagger (elec)
rCold    . . .     Gourm    .   (no shield)
rNeg     . . .     Faith    .   a - +0 robe
rPois    .         Spirit   .   (no helmet)
rElec    .         Reflect  .   (no cloak)
rCorr    .         Harm     .   (no gloves)
MR       .....     NoTele   +   (no boots)
Stlth    ++........             (no amulet)
HPRegen  0.16/turn              (no ring)
MPRegen  0.20/turn              (no ring)

@: no status effects
A: no striking features
a: Renounce Religion


You were in the Dungeon.
You worshipped Vehumet.
Vehumet was extremely pleased with you.
You were not hungry.

You visited 1 branch

Inventory:

Hand Weapons
 r - a +1 dagger of electrocution (weapon)
Armour
 a - a +0 robe (worn)
Scrolls
 i - a scroll of blinking
 m - 3 scrolls of remove curse
 n - 5 scrolls of amnesia
 o - a scroll of summoning
Potions
 d - 6 potions of curing
 e - 5 potions of heal wounds
 f - a potion of haste
 g - 4 potions of magic
 h - 2 potions of berserk rage
 l - 2 potions of invisibility
Books
 b - a book of Flames

   Spells                             Type                      Level
   a - Flame Tongue                   Conjuration/Fire             1
   b - Throw Flame                    Conjuration/Fire             2
   c - Conjure Flame                  Conjuration/Fire             3
   d - Inner Flame                    Hexes/Fire                   3
   e - Sticky Flame                   Conjuration/Fire             4
   f - Fireball                       Conjuration/Fire             5
Comestibles
 c - 8 bread rations
 j - 2 chunks of flesh
 p - 40 fruits
 q - 7 meat rations


   Skills:
 + Level 3.9 Fighting
 + Level 4.9 Short Blades
 + Level 3.8 Armour
 + Level 6.5 Dodging
 - Level 2.4 Stealth
 * Level 13.1 Spellcasting
 + Level 7.6 Conjurations
 + Level 8.6 Fire Magic
 + Level 3.7 Ice Magic
 + Level 3.2 Earth Magic


You had 10 spell levels left.
You knew the following spells:

 Your Spells              Type           Power        Failure   Level  Hunger
a - Flame Tongue          Conj/Fire      #####        1%          1    None
b - Throw Flame           Conj/Fire      ######       1%          2    None
c - Conjure Flame         Conj/Fire      ######..     1%          3    None
d - Inner Flame           Hex/Fire       ####....     1%          3    None
e - Sticky Flame          Conj/Fire      ######..     1%          4    None
f - Fireball              Conj/Fire      ######....   1%          5    ###....
g - Throw Frost           Conj/Ice       #####.       1%          2    None
h - Stone Arrow           Conj/Erth      #####.       1%          3    None


Dungeon Overview and Level Annotations

Branches:
Dungeon (1/1)

Altars:
Ashenzari
Cheibriados
Dithmenos
Elyvilon
Fedhas
Gozag
Hepliaklqana
Kikubaaqudgha
Makhleb
Nemelex Xobeh
Okawaru
Qazlal
Ru
Sif Muna
Trog
Uskayaw
Vehumet
Wu Jian
Xom
Yredelemnul
Zin
The Shining One
Beogh
Jiyva
Lugonu


Message History

Aiming: Flame Tongue
Press: ? - help, Shift-Dir - straight line
Okay, then.
Unknown command.
Casting: Flame Tongue
Confirm with . or Enter, or press ? or * to list all spells.
Aiming: Sticky Flame
Press: ? - help, Shift-Dir - straight line, f - death cob
Aim: a death cob (flame, lightly damaged)
The sticky flame hits the death cob.
The death cob is lightly damaged.
The death cob is covered in liquid flames!
The death cob burns!
The death cob is engulfed in blazing flames.
The death cob hits you!!
* * * LOW HITPOINT WARNING * * *
The death cob is engulfed in blazing flames.
The death cob hits you!!
Ouch! That really hurt!
You die...

#.####+##+###...<...#
#.#.รท......##.......#
#.#........##.......#
#'###########.......#
#))#.#.##..##########
#.).....#.## ###
##.#.#.##)# ...#
#.......#+#....#
##.#.#.##@z....+
#.......#+#....#
##.#.#..'.# ...#
########## ###


You could see a death cob (burning).

Vanquished Creatures
  A deep elf mage (D)
  A flying skull (D)
  A fire bat (D)
  A floating eye (D)
  An eye of draining (D)
  A necrophage (D)
  A gnoll sergeant (D)
  A scorpion (D)
  A crimson imp (D)
  An adder (D)
  3 gnolls (D)
  An ufetubus (D)
  A bat zombie (D)
  A giant cockroach (D)
  A hobgoblin (D)
  4 jackals (D)
  3 quokkas (D)
  2 ball pythons (D)
  A giant cockroach zombie (D)
  A jackal zombie (D)
28 creatures vanquished.

Notes
Turn   | Place    | Note
-------+----------+-------------------------------------------
     0 | D        | Kidiri the Deep Elf Fire Elementalist began the quest for the Orb.
     0 | D        | Reached XP level 1. HP: 10/10 MP: 6/6
    18 | D        | Reached skill level 4 in Spellcasting
    56 | D        | Found a bloodstained altar of Trog.
    56 | D        | Found a deep blue altar of Sif Muna.
    56 | D        | Found a viscous altar of Jiyva.
    56 | D        | Found a hazy altar of Hepliaklqana.
    56 | D        | Found an opulent altar of Gozag.
    57 | D        | Found a glowing golden altar of the Shining One.
    57 | D        | Found a glowing silver altar of Zin.
    57 | D        | Found a basalt altar of Yredelemnul.
    57 | D        | Found a shimmering altar of Xom.
    57 | D        | Found an ornate altar of the Wu Jian Council.
    57 | D        | Found a sacrificial altar of Ru.
    57 | D        | Found a stormy altar of Qazlal.
    57 | D        | Found an iron altar of Okawaru.
    57 | D        | Found a sparkling altar of Nemelex Xobeh.
    57 | D        | Found a burning altar of Makhleb.
    57 | D        | Found a blossoming altar of Fedhas.
    57 | D        | Found a white marble altar of Elyvilon.
    57 | D        | Found a shadowy altar of Dithmenos.
    57 | D        | Found a snail-covered altar of Cheibriados.
    59 | D        | Found a radiant altar of Vehumet.
    59 | D        | Found a corrupted altar of Lugonu.
    59 | D        | Found a roughly hewn altar of Beogh.
    60 | D        | Found a hide-covered altar of Uskayaw.
    60 | D        | Found an ancient bone altar of Kikubaaqudgha.
    60 | D        | Found a shattered altar of Ashenzari.
    67 | D        | Became a worshipper of Vehumet
   125 | D        | Noticed a floating eye
   126 | D        | Reached * piety under Vehumet
   126 | D        | Offered knowledge of Sandblast by Vehumet.
   128 | D        | Killed a floating eye
   128 | D        | Reached skill level 9 in Spellcasting
   128 | D        | Reached skill level 5 in Fire Magic
   128 | D        | Reached XP level 2. HP: 15/15 MP: 3/14
   128 | D        | Reached XP level 3. HP: 19/19 MP: 3/15
   128 | D        | Reached XP level 4. HP: 24/24 MP: 3/17
   132 | D        | Learned a level 2 spell: Throw Flame
   136 | D        | Learned a level 3 spell: Conjure Flame
   140 | D        | Learned a level 3 spell: Inner Flame
   145 | D        | Learned a level 4 spell: Sticky Flame
   228 | D        | Reached ** piety under Vehumet
   257 | D        | Reached skill level 5 in Conjurations
   257 | D        | Reached XP level 5. HP: 12/28 MP: 19/19
   276 | D        | Learned a level 5 spell: Fireball
   467 | D        | Noticed a fire bat
   472 | D        | Offered knowledge of Magic Dart by Vehumet.
   473 | D        | Reached *** piety under Vehumet
   477 | D        | Killed a fire bat
   477 | D        | Reached skill level 1 in Armour
   477 | D        | Reached skill level 11 in Spellcasting
   477 | D        | Reached XP level 6. HP: 9/35 MP: 15/22
   486 | D        | Reached **** piety under Vehumet
   490 | D        | Reached ***** piety under Vehumet
   704 | D        | Offered knowledge of Throw Frost by Vehumet.
   708 | D        | Learned a level 2 spell: Throw Frost
   722 | D        | Offered knowledge of Stone Arrow by Vehumet.
   722 | D        | Reached skill level 5 in Dodging
   722 | D        | Reached skill level 1 in Ice Magic
   727 | D        | Learned a level 3 spell: Stone Arrow
   730 | D        | Noticed a flying skull
   730 | D        | Noticed a deep elf mage
   732 | D        | Killed a deep elf mage
   732 | D        | Offered knowledge of Static Discharge by Vehumet.
   732 | D        | Reached skill level 12 in Spellcasting
   732 | D        | Reached XP level 7. HP: 41/41 MP: 23/25
   740 | D        | Killed a flying skull
   740 | D        | Reached skill level 13 in Spellcasting
   740 | D        | Reached XP level 8. HP: 23/48 MP: 9/27
   750 | D        | Noticed a death cob
   754 | D        | Annihilated by a death cob

Vault maps used:
D:        pitsprint

Skill      XL: |  1  2  3  4  5  6  7 |
---------------+----------------------+-----
Spellcasting   | 9 11 12 13 | 13.1
Conjurations   | 4 5 6 7 |  7.6
Fire Magic     | 5 6 7 8 |  8.6
Fighting       | 2 3 |  3.9
Short Blades   | 2 4 |  4.9
Armour         | 1 3 |  3.8
Dodging        | 4 6 |  6.5
Ice Magic      | 3 |  3.7
Earth Magic    | 2 3 |  3.2
Stealth        | |  2.4

Action                   |  1- 3 |  4- 6 |  7- 9 || total
-------------------------+-------+-------+-------++-------
Melee: Dagger            |       |    29 |     1 ||    30
 Cast: Flame Tongue      |    12 |    13 |       ||    25
       Throw Flame       |       |     2 |     1 ||     3
       Conjure Flame     |       |     2 |     1 ||     3
       Sticky Flame      |       |     2 |     1 ||     3
       Inner Flame       |       |     1 |       ||     1
       Stone Arrow       |       |       |     6 ||     6
       Fireball          |       |       |     1 ||     1
  Use: Potion            |       |     2 |       ||     2
 Stab: Sleeping          |       |     1 |     1 ||     2
Armor: Robe              |     1 |     2 |     2 ||     5
Dodge: Dodged            |     7 |    22 |     3 ||    32
